 Dungeon Crawl Stone Soup version 0.31-a0-549-gf98fd537a9 (webtiles) character file.

Game seed: 14131398739971999944

107 Ethylacetat the Ducker (level 4, -10/31 HPs)
             Began as an Octopode Gladiator on Aug 16, 2023.
             Killed by divine providence
             ... invoked by an orc priest
              (15 damage)
             ... on level 3 of the Dungeon.
             The game lasted 00:01:31 (1933 turns).

Ethylacetat the Ducker (Octopode Gladiator)         Turns: 1933, Time: 00:01:33

Health: -10/31     AC:  1    Str: 13    XL:     4   Next: 86%
Magic:  4/4        EV: 14    Int: 10    God:
Gold:   129        SH:  0    Dex: 15    Spells: 3/3 levels left

rFire   . .          .
                       - Unarmed
rCold   . . .        (no shield)
rNeg    . . .        a - +0 hat
rPois   .            (no amulet)
rElec   .            (no ring)
rCorr   .            (no ring)
SInv    .            (no ring)
Will    .....        (no ring)
Stlth   ++           (no ring)
HPRegen 0.25/turn    (no ring)
MPRegen 0.09/turn    (no ring)
                     (no ring)

%: no passive effects
@: lethally poisoned (-10 -> -16)
A: almost no armour, amphibious, 8 rings, camouflage 1, gelatinous body 1,
(nimble swimmer 1), tentacles
a: no special abilities


You were on level 3 of the Dungeon.
You visited 1 branch of the dungeon, and saw 3 of its levels.

You collected 129 gold pieces.

Inventory:

Missiles
 b - 3 throwing nets (quivered)
 c - a javelin
Armour
 a - a +0 hat (worn)
Scrolls
 d - 4 scrolls of identify {unknown}
 e - a scroll of vulnerability {unknown}
 g - a scroll of amnesia {unknown}
Potions
 f - a potion of haste {unknown}
 h - a potion of curing {unknown}


   Skills:
 + Level 3.2 Fighting
 - Level 2.0 Throwing
 + Level 3.9 Dodging
 + Level 3.9 Unarmed Combat


You had 3 spell levels left.
You didn't know any spells.
Your spell library was empty.

Dungeon Overview and Level Annotations

Branches:
Dungeon (3/15)

Altars:
Wu Jian


Innate Abilities, Weirdness & Mutations

You cannot wear most types of armour.
You are amphibious.
You can wear up to eight rings at the same time.
Your skin changes colour to match your surroundings (Stealth+).
Your rubbery body absorbs attacks. (AC +1, EV +1)
((You are camouflaged when in or above water. (Stealth+)))
You have tentacles for arms and can constrict up to eight enemies at once.


Message History

The orc moves out of view.
You see here a +1 whip of electrocution.
An orc and an orc priest come into view.
The orc priest is wielding a +2 hand axe of freezing.
The adder bites you.
You are poisoned.
The adder poisons you!
The orc priest moves out of view.
There are monsters nearby!
You tentacle-slap the adder. Your grab misses the adder.
The adder is lightly wounded.
You feel sick.
A rat comes into view.
The adder closely misses you.
You barely miss the adder. Your grab misses the adder.
Your squeeze misses the adder.
The adder is lightly wounded.
You feel sick. The adder barely misses you.
You miss the adder. Your grab misses the adder.
The adder is lightly wounded.
You feel sick. The adder closely misses you.
The orc priest calls down the wrath of Beogh upon you.
Beogh smites you! The orc misses you. The adder bites you.
You are too injured to fight recklessly!
You are too injured to fight recklessly!
You are too injured to fight recklessly!
Okay, then.
You closely miss the adder. Your grab misses the adder.
The adder is lightly wounded.
You feel sick. The adder bites you.
* * * LOW HITPOINT WARNING * * *
You are lethally poisoned!
The adder poisons you!
You tentacle-slap the adder. You grab the adder.
The adder is heavily wounded.
You constrict the adder.
* * * LOW HITPOINT WARNING * * *
You feel sick.
The orc priest invokes the aid of Beogh against you.
Beogh smites you!
You die...

#.<...####.#
#.....# #.#
#......# #.#
##.....# #.#
###.### #.#
#.# #.## ##
#+# #..## ..
#..)##.#####
#...@o......
#..###So.###.
#..# o..#
+..# ...#
##.. r.... #.
......
....?..
...###.


You could see an orc priest, an adder, 2 orcs and a rat.

Vanquished Creatures
  Crazy Yiuf (D:2)
  4 adders (D:2)
  A dart slug (D:2)
  An orc (D:3)
  7 ball pythons (D:1)
  2 bats
  4 endoplasms
  5 hobgoblins
  A quokka (D:1)
  2 frilled lizards
  7 kobolds
  6 rats (D:1)
41 creatures vanquished.

Notes
Turn   | Place    | Note
-------+----------+-------------------------------------------
     0 | D:1      | Ethylacetat the Octopode Gladiator began the quest for the
                  | Orb.
     0 | D:1      | Reached XP level 1. HP: 14/14 MP: 1/1
   121 | D:1      | Reached XP level 2. HP: 19/19 MP: 2/2
   621 | D:1      | Reached XP level 3. HP: 17/25 MP: 3/3
   951 | D:1      | Found a faded altar of an unknown god.
  1196 | D:2      | Reached XP level 4. HP: 31/31 MP: 4/4
  1279 | D:2      | Found an ornate altar of the Wu Jian Council.
  1471 | D:2      | Found a runed translucent door.
  1472 | D:2      | Noticed Crazy Yiuf
  1758 | D:2      | Killed Crazy Yiuf
  1933 | D:3      | Killed from afar by an orc priest

Illustrated notes

Levels and vault maps discovered:
D:1:      minmay_arrival_semitransparent, layout_basic,
          dilly_ecumenical_altar_fadedgnrine
D:2:      layout_basic, basic_altar, grunt_decor_cap, serial_bayou_lagoon_a,
          kennysheep_cluttered_room, uniq_crazy_yiuf_cottage
D:3:      layout_loops_corners, minmay_gold_behind_fungi, columned_hall_lemuel,
          minmay_misc_feat_cross

Skill      XL: |  1  2  3 |
---------------+----------+-----
Fighting       | 3 |  3.2
Throwing       | |  2.0
Dodging        | |  3.9
Unarmed Combat | |  3.9

Action                     |  1- 3 |  4- 6 || total
---------------------------+-------+-------++-------
  Melee: Unarmed           |    78 |    19 ||    97
         Constrict         |    20 |     4 ||    24
         Tentacles         |    13 |     3 ||    16
         Punch             |       |     2 ||     2
   Stab: Sleeping          |     5 |     3 ||     8
 Armour: Skin              |     2 |       ||     2
  Dodge: Dodged            |    38 |    10 ||    48

Table legend: (Time is in decaauts)
 A = Elapsed time spent in this place.
 B = Non-inter-level travel time spent in this place.
 C = Inter-level travel time spent in this place.
 D = Time resting spent in this place.
 E = Time spent auto-exploring this place.
 F = Levels seen in this place.
 G = Mean time per level.
                   A        B        C        D        E       F      G
               +--------+--------+--------+--------+--------+-----+--------+
         Total |   1926 |   1825 |    101 |      0 |   1580 |   3 |  642.0 |
       Dungeon |   1926 |   1825 |    101 |      0 |   1580 |   3 |  642.0 |
               +--------+--------+--------+--------+--------+-----+--------+

Top non-repeatable levels by time:
     D:1: 1006 daAuts
     D:2: 891 daAuts
     D:3: 28 daAuts
